Map: 하드와이어 - 래더

Players

Solar

  • Race: Zerg Zerg
  • League: Master

Trap - Winner!

  • Race: Protoss Protoss

VOD

Have the link to the VOD?

Description

Time

  • Played on: Oct. 21, 2021, 7:54 a.m.
  • Length: 13:38
Show
View Real Time Build Order
Export as new Build Order

Solar Zerg 

Build Orders: Hatch First 

Get SALT Encoding   

  12  0:01  Drone  
  13  0:13  Overlord  
  13  0:17  Drone  
  14  0:32  Drone x2  
  16  0:49  Hatchery  
  15  0:52  Drone  
  15  0:56  Drone  
  17  0:59  Drone  
  18  1:10  Extractor  
  17  1:15  Spawning Pool  
  17  1:17  Drone  
  17  1:21  Drone  
  18  1:29  Drone  
  20  1:40  Drone  
  20  1:50  Overlord  
  20  2:01  Queen x2  
  20  2:02  Zergling x2  
  20  2:03  Drone  
  26  2:11  Drone  
  26  2:12  Drone  
  26  2:14  Metabolic Boost  
  28  2:23  Drone x2  
  30  2:35  Hatchery  
  29  2:37  Drone  
  29  2:44  Queen  
  30  2:48  Overlord  
  30  2:50  Drone  
  33  2:53  Drone  
  33  2:55  Drone  
  33  2:58  Drone  
  36  3:08  Drone x2  
  36  3:10  Drone x2  
  36  3:11  Drone  
  36  3:12  Queen  
  41  3:17  Overlord  
  41  3:19  Zergling x2  
  44  3:27  Spore Crawler, Overlord  
  44  3:33  Drone  
  45  3:36  Roach Warren  
  45  3:37  Drone  
  45  3:39  Extractor  
  44  3:43  Drone x3  
  44  3:47  Zergling x2  
  44  3:48  Zergling x2  
  49  3:49  Spine Crawler  
  49  3:52  Zergling x6  
  49  3:54  Overlord  
  51  3:59  Drone  
  51  4:01  Drone  
  53  4:15  Roach x3  
  53  4:16  Zergling x10  
  64  4:20  Zergling x6  
  64  4:23  Spore Crawler  
  66  4:25  Zergling x4  
  66  4:28  Zergling x4  
  72  4:33  Overlord  
  72  4:36  Ravager x2  
  74  4:43  Overlord  
  73  4:47  Ravager, Overlord  
  73  4:49  Overlord  
  73  4:51  Overlord  
  73  4:53  Overlord  
  73  4:54  Overlord  
  73  4:56  Overlord  
  73  4:59  Overlord  
  73  5:02  Drone x2  
  73  5:03  Drone  
  73  5:06  Roach  
  78  5:09  Drone x2  
  78  5:10  Drone  
  81  5:15  Lair  
  81  5:18  Drone  
  81  5:20  Drone  
  81  5:21  Drone  
  84  5:22  Drone  
  84  5:25  Drone  
  84  5:27  Drone x2  
  88  5:31  Drone x3  
  88  5:33  Drone  
  91  5:37  Drone x3  
  91  5:38  Extractor  
  91  5:39  Drone  
  91  5:40  Extractor  
  91  5:42  Drone x2  
  95  5:44  Drone x2  
  101  5:50  Roach x2  
  101  5:51  Drone, Extractor  
  101  6:00  Roach x2  
  101  6:01  Roach  
  111  6:04  Roach x4  
  111  6:07  Zergling x8  
  111  6:09  Zergling x2  
  111  6:10  Extractor  
  119  6:12  Glial Reconstitution  
  119  6:13  Overseer  
  119  6:16  Roach x2  
  122  6:19  Roach  
  120  6:28  Roach x2  
  120  6:29  Roach  
  122  6:36  Zergling x22  
  127  6:44  Roach  
  121  6:53  Drone  
  113  6:54  Drone x2  
  113  6:56  Spire  
  113  6:57  Drone  
  113  6:59  Drone  
  114  7:03  Overseer  
  114  7:07  Drone x2  
  116  7:09  Drone  
  117  7:17  Drone, Evolution Chamber  
  117  7:19  Drone  
  117  7:21  Roach  
  120  7:24  Hatchery  
  120  7:25  Zergling x2  
  120  7:30  Drone  
  120  7:31  Zergling x2  
  120  7:33  Zergling x6  
  125  7:38  Zergling x8  
  125  7:40  Overlord  
  127  7:48  Drone x5  
  124  8:00  Drone x3  
  125  8:08  Mutalisk, Overlord  
  125  8:09  Mutalisk x5  
  137  8:14  Overlord  
  137  8:18  Overlord x2  
  137  8:23  Extractor  
  137  8:24  Mutalisk x2, Extractor  
  137  8:27  Mutalisk x2  
  137  8:28  Mutalisk  
  137  8:32  Roach x5  
  153  8:37  Ravager x4  
  153  8:38  Zergling x12  
  153  8:40  Overlord  
  163  8:44  Zergling x2  
  163  8:46  Ravager  
  163  8:48  Overlord  
  165  8:52  Roach  
  156  8:59  Zergling x10  
  154  9:06  Zergling x14  
  156  9:10  Roach  
  157  9:19  Zerg Missile Weapons Level 1  
  157  9:20  Roach x3  
  163  9:24  Ravager  
  163  9:25  Ravager  
  163  9:26  Ravager, Overlord  
  163  9:27  Roach x2  
  163  9:28  Overlord  
  163  9:31  Overlord, Hatchery  
  169  9:33  Hatchery  
  169  9:34  Overlord  
  169  9:35  Ravager  
  169  9:36  Overlord  
  170  9:38  Overlord  
  170  9:46  Roach x4  
  170  9:48  Zergling x4  
  170  9:51  Overlord  
  180  9:53  Zergling x2  
  180  9:58  Roach x3, Zergling x8  
  189  10:00  Ravager x3  
  189  10:03  Roach, Zergling x2  
  195  10:09  Roach x2  
  198  10:18  Roach x3  
  193  10:22  Zergling x4  
  193  10:26  Zergling x8  
  177  10:32  Roach x3  
  177  10:33  Roach x2  
  177  10:35  Roach  
  177  10:37  Roach  
  177  10:42  Ravager x4  
  175  10:43  Roach  
  175  10:48  Roach x2  
  181  10:50  Zergling x4  
  181  10:54  Roach x2  
  181  10:56  Zergling x4  
  189  10:57  Ravager x2  
  189  10:59  Zergling x4  
  189  11:02  Roach  
  189  11:03  Roach  
  189  11:15  Roach x4  
  189  11:17  Roach x2  
  189  11:18  Overseer  
  164  11:21  Zergling x10  
  164  11:23  Overseer x2  
  156  11:29  Overseer  
  144  11:33  Zergling x12  
  144  11:39  Zergling x4  
  148  11:40  Overseer  
  148  11:44  Zergling x6  
  148  11:45  Ravager  
  150  11:49  Zergling x6  
  150  11:53  Zergling x6  
  144  11:59  Zergling x8  
  144  12:01  Zergling x2  
  136  12:03  Zergling x2  
  129  12:13  Zergling x8  
  129  12:15  Ravager x2  
  116  12:22  Roach x3  
  123  12:23  Roach  
  123  12:27  Zergling x6  
  125  12:30  Zergling x4  
  125  12:33  Zergling x2  
  125  12:36  Roach  
  122  12:45  Zergling x12  
  97  12:54  Roach x2  
  97  12:55  Zergling x2  
  87  13:00  Roach  
  87  13:03  Roach  
  91  13:07  Zergling x2  
  91  13:08  Zergling x4  
  94  13:13  Zergling x2  
  94  13:17  Roach  
  94  13:18  Ravager x2  
  94  13:19  Zergling x6  
  98  13:28  Ravager  
Show
View Real Time Build Order
Export as new Build Order

Trap Protoss - Winner!

Build Orders: 1 Gate Expand 

Get SALT Encoding   

  12  0:00  Probe  
  13  0:13  Pylon  
  13  0:17  Probe (Chrono Boost)  
  14  0:26  Probe (Chrono Boost)  
  15  0:31  Probe (Chrono Boost)  
  16  0:40  Gateway  
  16  0:43  Probe  
  16  0:49  Assimilator  
  17  0:55  Probe  
  18  1:07  Probe  
  19  1:19  Probe  
  19  1:25  Nexus  
  20  1:34  Cybernetics Core  
  20  1:37  Probe  
  21  1:44  Assimilator  
  21  1:49  Probe  
  21  1:53  Pylon  
  22  2:01  Probe (Chrono Boost)  
  23  2:11  Adept  
  23  2:13  Probe (Chrono Boost)  
  26  2:21  Probe (Chrono Boost)  
  27  2:23  Twilight Council  
  27  2:24  Warp Gate  
  27  2:29  Probe (Chrono Boost)  
  28  2:37  Probe (Chrono Boost)  
  29  2:41  Adept  
  32  2:45  Probe (Chrono Boost)  
  32  2:46  Probe (Chrono Boost)  
  32  2:49  Robotics Facility  
  33  2:51  Probe (Chrono Boost)  
  33  2:54  Probe  
  35  2:59  Resonating Glaives  
  35  3:04  Probe  
  35  3:05  Gateway  
  36  3:06  Probe  
  37  3:13  Adept  
  37  3:17  Probe  
  37  3:18  Probe  
  41  3:26  Gateway  
  41  3:29  Gateway  
  41  3:33  Probe x2  
  43  3:38  Warp Prism (Chrono Boost)  
  45  3:45  Pylon  
  45  3:47  Probe  
  46  3:52  Pylon  
  46  4:03  Probe  
  46  4:04  Probe  
  46  4:06  Assimilator  
  46  4:07  Observer  
  46  4:08  Pylon  
  49  4:12  Adept x2  
  53  4:18  Probe x2  
  55  4:26  Stalker  
  55  4:28  Immortal  
  61  4:32  Pylon  
  61  4:35  Adept x2  
  61  4:36  Adept  
  67  4:49  Nexus  
  67  5:03  Adept x4  
  75  5:07  Shield Battery  
  75  5:11  Pylon  
  75  5:15  Immortal (Chrono Boost)  
  78  5:32  Adept x4  
  78  5:35  Pylon  
  86  5:45  Forge  
  86  5:48  Pylon  
  86  5:53  Observer, Probe x2  
  86  5:54  Assimilator  
  89  6:00  Adept  
  89  6:01  Adept x3  
  89  6:02  Blink  
  89  6:03  Probe (Chrono Boost)  
  98  6:05  Probe (Chrono Boost)  
  98  6:08  Probe (Chrono Boost)  
  100  6:15  Probe (Chrono Boost)  
  100  6:16  Probe (Chrono Boost)  
  100  6:18  Probe (Chrono Boost)  
  103  6:29  Probe x2  
  103  6:30  Probe  
  100  6:42  Probe x3, Protoss Ground Weapons Level 1 (Chrono Boost)  
  100  6:44  Immortal  
  89  6:59  Gateway  
  89  7:01  Gateway  
  89  7:02  Probe x3  
  89  7:03  Gateway  
  89  7:05  Sentry x3  
  89  7:06  Sentry, Gateway  
  100  7:08  Assimilator  
  100  7:09  Pylon  
  100  7:10  Pylon  
  100  7:20  Immortal (Chrono Boost)  
  100  7:29  Stalker x2  
  108  7:35  Pylon  
  108  7:36  Pylon  
  108  7:38  Pylon  
  108  7:40  Assimilator  
  108  7:49  Immortal (Chrono Boost)  
  112  8:04  Stalker x5  
  119  8:05  Probe x2  
  119  8:06  Probe  
  119  8:10  Shield Battery  
  119  8:11  Photon Cannon  
  119  8:12  Photon Cannon x2  
  120  8:21  Stalker x3  
  120  8:24  Pylon x2  
  120  8:26  Pylon  
  126  8:29  Zealot  
  128  8:35  Probe x3  
  128  8:39  Zealot x2  
  128  8:40  Zealot  
  137  8:46  Stalker x3  
  138  9:01  Stalker x4  
  146  9:07  Stalker  
  146  9:11  Protoss Ground Weapons Level 2 (Chrono Boost)  
  146  9:13  Stalker x3  
  148  9:17  Stargate  
  148  9:20  Shield Battery  
  148  9:28  Stargate  
  148  9:31  Zealot  
  148  9:33  Phoenix  
  148  9:35  Shield Battery  
  150  9:40  Dark Shrine  
  150  9:41  Phoenix  
  148  9:53  Probe x3  
  149  10:00  Stalker x5  
  159  10:11  Zealot  
  159  10:15  Zealot x2  
  147  10:31  Cybernetics Core  
  147  10:33  Phoenix x2 (Chrono Boost)  
  130  10:45  Charge  
  130  10:47  Photon Cannon  
  130  10:49  Phoenix x2 (Chrono Boost), Warp Prism (Chrono Boost)  
  134  11:00  Dark Templar x2  
  134  11:02  Assimilator  
  138  11:07  Dark Templar x2  
  140  11:17  Dark Templar x3  
  129  11:25  Stalker  
  121  11:37  Archon x2  
  121  11:38  Stalker  
  121  11:39  Stalker x2  
  123  11:54  Nexus  
  106  12:07  Immortal  
  92  12:09  Stalker x8  
  96  12:21  Photon Cannon x2  
  92  12:33  Sentry x2  
  92  12:34  Sentry, Stalker x2  
  102  12:41  Dark Templar x2  
  103  12:48  Dark Templar  
  96  12:55  Probe x2  
  96  12:56  Archon, Probe  
  93  13:08  Probe  
  93  13:09  Stalker x2  
  98  13:24  Sentry x3  
  98  13:25  Zealot x3  
Tags
 
Add a new tag
Caveats
  • Supply blocks, unpowered buildings, or Contaminate may cause inaccurate times.
  • Supply counts are checked every 10 seconds.